 Dungeon Crawl Stone Soup version 0.24-a0-29-g43a6aff (console) character file.

Game seed: 8295587493782548352

107 Duffy the Chopper (level 4, -1/42 HPs)
             Began as a Naga Fighter on Feb 2, 2019.
             Succumbed to Robin's poison
             ... on level 4 of the Dungeon.
             The game lasted 00:00:49 (1010 turns).

Duffy the Chopper (Naga Fighter)                    Turns: 1010, Time: 00:00:50

Health: -1/42      AC:  4    Str: 23    XL:     4   Next: 85%
Magic:  4/4        EV:  6    Int:  9    God:
Gold:   11         SH:  9    Dex: 11    Spells: 3/3 levels left

rFire    . . .     SeeInvis +   a - +0 war axe
rCold    . . .     Gourm    .   c - +0 shield
rNeg     . . .     Faith    .   b - +0 scale mail
rPois    +         Spirit   .   (no helmet)
rElec    .         Reflect  .   (no cloak)
rCorr    .         Harm     .   (no gloves)
MR       .....                  (no barding)
Stlth    ..........             (no amulet)
HPRegen  0.14/turn              (no ring)
MPRegen  0.09/turn              (no ring)

@: mighty, lethally poisoned (-1 -> -14), short of breath, very slow
A: large, see invisible, deformed body, poison resistance, slowness 2, slow
metabolism 1, spit poison 1, AC +1
a: Spit Poison


You were on level 4 of the Dungeon.
You were not hungry.

You visited 1 branch of the dungeon, and saw 4 of its levels.

You collected 11 gold pieces.

Inventory:

Hand Weapons
 a - a +0 war axe (weapon)
Armour
 b - a +0 scale mail (worn)
 c - a +0 shield (worn)
Scrolls
 e - a scroll of remove curse {unknown}
Comestibles
 f - a ration
 g - a chunk of flesh


   Skills:
 - Level 3.0 Fighting
 + Level 3.7 Axes
 - Level 2.4 Armour
 + Level 3.5 Shields


You had 3 spell levels left.
You didn't know any spells.
Your spell library was empty.

Dungeon Overview and Level Annotations

Branches:
Dungeon (4/15)
 Temple: D:4-7

Altars:


Innate Abilities, Weirdness & Mutations

You cannot wear boots.
Your serpentine skin is tough. (AC +1)
You have supernaturally acute eyesight. (SInv)
Armour fits poorly on your strangely shaped body.
Your system is resistant to poisons. (rPois)
You cover ground very slowly.
You have a slow metabolism.
You can spit poison.


Message History

You closely miss the goblin.
You feel sick.
Robin hits you with a +3 dagger of venom.
You are lethally poisoned!
The goblin hits you with a +0 club. Robin completely misses you.
The goblin hits you with a +0 club.
Press: ? - help, Shift-Dir - straight line, f - goblin
Aim: a goblin, wielding a +0 club (unusually strong)
The splash of poison hits Robin.
Robin is moderately wounded.
You feel slightly more hungry.
You feel sick.
The goblin no longer looks unusually strong.
You block Robin's attack. The goblin closely misses you.
You feel very mighty all of a sudden.
You feel sick. You block Robin's attack.
You slice Robin!!
You kill Robin!
You slash the goblin!
You kill the goblin!
You feel sick.
You die...

........'...#.....#
........#...#.....#
........#...#.....#
........#...#.....#
........#...#.....#
........#####.....#
......))# #......
......).# #.......
......%@# #.......
........# #........
......?.# ........#
........# .........
......... .........


There were no monsters in sight!

Vanquished Creatures
  A scorpion (D:4)
  Robin (D:4)
  An adder (D:3)
  A leopard gecko (D:3)
  A bat (D:3)
  12 goblins (D:4)
  5 hobgoblins
  5 jackals (D:4)
  A kobold (D:3)
  2 frilled lizards (D:3)
30 creatures vanquished.

Notes
Turn   | Place    | Note
-------+----------+-------------------------------------------
     0 | D:1      | Duffy the Naga Fighter began the quest for the Orb.
     0 | D:1      | Reached XP level 1. HP: 21/21 MP: 1/1
   378 | D:3      | Reached XP level 2. HP: 28/28 MP: 2/2
   461 | D:4      | Reached XP level 3. HP: 17/34 MP: 3/3
   663 | D:4      | Noticed a scorpion
   674 | D:4      | Killed a scorpion
   674 | D:4      | Reached XP level 4. HP: 24/42 MP: 4/4
   993 | D:4      | Noticed Robin
  1009 | D:4      | Killed Robin
  1009 | D:4      | HP: 1/42 [poisoned by Robin]
  1010 | D:4      | Succumbed to Robin's poison

Vault maps used:
D:1:      evilmike_arrival_rings, kennysheep_nondescript
D:2:      kennysheep_ying_yang, first_ration
D:3:      minitemple, chequers_ecumenical_altar_island,
          nicolae_tso_swordbearing_angel
D:4:      serial_shops, shop, uniq_duvessa, uniq_robin, uniq_pikel

Skill      XL: |  1  2  3 |
---------------+----------+-----
Axes           | 3 |  3.7
Shields        | 3 |  3.5
Fighting       | |  3.0
Armour         | |  2.4

Action                   |  1- 3 |  4- 6 || total
-------------------------+-------+-------++-------
Melee: War axe           |    51 |    33 ||    84
 Abil: Spit Poison       |     5 |     1 ||     6
  Use: Potion            |       |     1 ||     1
Armor: Scale mail        |    21 |    18 ||    39
Dodge: Dodged            |    20 |    14 ||    34
Block: Shield            |    36 |    29 ||    65

Table legend:
 A = Non-vault XP
 B = Vault XP
 C = Vault XP percentage of total XP
 D = Non-vault monster count
 E = Vault monster count
 F = Vault count percentage of total count
                 A         B        C        D         E       F
            +---------+---------+-------+---------+---------+-------
      Total |     116 |      37 |  24.2 |      17 |      13 |  43.3
            +---------+---------+-------+---------+---------+-------
        D:1 |       2 |       0 |   0.0 |       1 |       0 |   0.0
        D:2 |       6 |       0 |   0.0 |       3 |       0 |   0.0
        D:3 |      24 |       0 |   0.0 |       7 |       0 |   0.0
        D:4 |      84 |      37 |  30.6 |       6 |      13 |  68.4
            +---------+---------+-------+---------+---------+-------
